 Dungeon Crawl Stone Soup version 0.31-a0-496-g6f97920a28 (webtiles) character file.

Game seed: 170215683194248153

354 AstroCodex24 the Chopper (level 6, -1/51 HPs)
             Began as a Demigod Fighter on Aug 8, 2023.
             Slain by Grinder (5 damage)
             ... while paralysed by Grinder
             ... on level 4 of the Dungeon.
             The game lasted 00:20:35 (3999 turns).

AstroCodex24 the Chopper (Demigod Fighter)          Turns: 3999, Time: 00:20:35

Health: -1/51      AC:  7    Str: 25    XL:     6   Next: 13%
Magic:  8/8        EV:  2    Int: 10    God:
Gold:   222        SH:  0    Dex: 19    Spells: 5/5 levels left

rFire   + . .        a - +0 war axe
rCold   . . .        c - +0 buckler
rNeg    . . .        i - +2 ring mail {rF+}
rPois   +            (no helmet)
rElec   .            (no cloak)
rCorr   .            (no gloves)
SInv    .            (no boots)
Will    .....        (no amulet)
Stlth   +            g - ring of poison resistance
HPRegen 0.28/turn    t - +6 ring of dexterity
MPRegen 0.11/turn

%: no passive effects
@: paralysed
A: high MP 1, forlorn, divine attributes
a: no special abilities


You were on level 4 of the Dungeon.
You visited 1 branch of the dungeon, and saw 4 of its levels.

You collected 222 gold pieces.

Inventory:

Hand Weapons
 a - a +0 war axe (weapon)
 k - a +3 short sword
 s - a +2 rapier of flaming
Missiles
 w - a throwing net
Armour
 b - a +0 scale mail
 c - a +0 buckler (worn)
 i - a +2 ring mail of fire resistance (worn)
Jewellery
 g - a ring of poison resistance (left hand)
 h - a ring of poison resistance
 t - a +6 ring of dexterity (right hand)
Scrolls
 f - 2 scrolls of teleportation {unknown}
 j - a scroll of fear {unknown}
 l - a scroll of blinking {unknown}
 m - a scroll of revelation {unknown}
 n - a scroll of silence {unknown}
 o - 2 scrolls of immolation {unknown}
 p - a scroll of identify {unknown}
 r - 3 scrolls of enchant weapon {unknown}
Potions
 d - a potion of might
 e - 3 potions of brilliance {unknown}
 q - 2 potions of heal wounds {unknown}
 u - a potion of enlightenment {unknown}
 v - 2 potions of curing {unknown}


   Skills:
 + Level 3.4 Fighting
 + Level 4.1 Axes
 + Level 4.0 Armour
 + Level 1.1 Dodging
 + Level 0.6 Stealth
 + Level 3.2 Shields


You had 5 spell levels left.
You didn't know any spells.
Your spell library contained the following spells:

 Spells                   Type           Power      Damage    Failure   Level
 Freeze                   Ice            0%         1d3       56%         1
 Sublimation of Blood     Necr           0%         N/A       71%         2
 Wereblood                Tmut           0%         N/A       71%         2
 Frozen Ramparts          Ice            0%         1d1       90%         3
 Hailstorm                Conj/Ice       0%         3d3       90%         3
 Summon Hydra             Summ           0%         N/A       100%        7


Dungeon Overview and Level Annotations

Branches:
Dungeon (4/15)
 Temple: D:4-7

Shops:
D:3 (   D:4 (

Annotations:
D:4 Grinder


Innate Abilities, Weirdness & Mutations

You have an increased reservoir of magic. (+10% MP)
You shall have no god before yourself.
Your divine heritage dramatically boosts your attributes as you level up.


Message History

You are frozen.
Grinder hits you.
The endoplasm hits you but does no damage.
You barely miss Grinder.
Grinder is moderately wounded.
You hit the endoplasm. Grinder closely misses you. The endoplasm freezes you.
You are frozen.
You hit Grinder.
Grinder is heavily wounded.
You barely miss the endoplasm. Grinder closely misses you.
The endoplasm freezes you.
You are frozen.
You closely miss Grinder.
Grinder is heavily wounded.
You slash the endoplasm!
You kill the endoplasm!
Grinder gestures at you. Pain shoots through your body! Grinder hits you.
* * * LOW HITPOINT WARNING * * *
You writhe in agony.
* * * LOW HITPOINT WARNING * * *
You slash Grinder!
Grinder is almost dead.
Grinder hits you but does no damage.
You closely miss Grinder.
Grinder is almost dead.
Grinder hits you but does no damage.
You barely miss Grinder.
Grinder is almost dead.
Grinder hits you.
* * * LOW HITPOINT WARNING * * *
You writhe in agony.
* * * LOW HITPOINT WARNING * * *
Grinder gestures at you.
You suddenly lose the ability to move!
Grinder gestures at you. Pain shoots through your body!
* * * LOW HITPOINT WARNING * * *
Grinder hits you.
You die...

...................(##...
......(..$...............
.?......................#
.......[.......)..####.##
...........####...# #.##
..........####..### ..
.........##....# ..
########5....... ##
#...##@#..####
#....#...### ####
#..........##### #...
####...........#####.#.
#...................
#..........# #.....
#..........####.....
#...................
#..........###......


You could see Grinder.

Vanquished Creatures
  Sigmund (D:4)
  A sleepcap (D:4)
  6 gnolls
  4 adders
  2 worms
  A dart slug (D:2)
  2 orcs (D:3)
  4 endoplasms
  5 giant cockroaches
  4 goblins
  7 hobgoblins
  5 quokkas
  3 training dummies (D:4)
  8 ball pythons
  4 bats (D:2)
  A frilled lizard (D:1)
  3 kobolds (D:2)
  4 rats
65 creatures vanquished.

Notes
Turn   | Place    | Note
-------+----------+-------------------------------------------
     0 | D:1      | AstroCodex24 the Demigod Fighter began the quest for the
                  | Orb.
     0 | D:1      | Reached XP level 1. HP: 18/18 MP: 3/3
   672 | D:2      | Reached XP level 2. HP: 25/25 MP: 4/4
   781 | D:2      | Reached XP level 3. HP: 13/31 MP: 5/5
  1817 | D:2      | You fall into a shaft and drop 1 floor!
  1817 | D:3      | Found Gapat's Weapon Shop.
  2514 | D:3      | Reached XP level 4. HP: 30/38 MP: 6/6
  3620 | D:4      | Noticed Sigmund
  3633 | D:4      | Killed Sigmund
  3634 | D:4      | Reached skill level 1 in Dodging
  3634 | D:4      | Reached XP level 5. HP: 23/45 MP: 7/7
  3886 | D:4      | Found Elequac's Firing Range.
  3954 | D:4      | Reached XP level 6. HP: 38/51 MP: 8/8
  3970 | D:4      | Noticed Grinder
  3983 | D:4      | Paralysed by Grinder for 4 turns
  3997 | D:4      | Paralysed by Grinder for 5 turns
  3999 | D:4      | Slain by Grinder

Illustrated notes

Levels and vault maps discovered:
D:1:      dpeg_arrival_pond, layout_loops_corners,
          dilly_ecumenical_altar_fadedgnrine
D:2:      layout_loops_cross
D:3:      layout_loops_ring, nzn_wu_jian_council_hall, okawaru_trees_2,
          serial_shops, nicolae_shop_temple_entry_statues_fountains,
          small_statue_intersection, minmay_misc_feat_nine_boxes,
          minmay_hedge_maze
D:4:      layout_rooms, serial_glass, glass_columns_a, glass_columns_c,
          nicolae_shop_firing_range, uniq_grinder, uniq_sigmund

Skill      XL: |  1  2  3  4  5 |
---------------+----------------+-----
Armour         | 3 4 |  4.0
Fighting       | 3 |  3.4
Axes           | 2 3 4 |  4.1
Shields        | 3 |  3.2
Dodging        | 1 |  1.1
Stealth        | |  0.6

Action                     |  1- 3 |  4- 6 || total
---------------------------+-------+-------++-------
  Melee: War axe           |   119 |   408 ||   527
   Stab: Sleeping          |       |     1 ||     1
 Armour: Scale mail        |    14 |       ||    14
         Ring mail         |    73 |    53 ||   126
  Dodge: Dodged            |    85 |    45 ||   130
  Block: Buckler           |    30 |    20 ||    50

Table legend: (Time is in decaauts)
 A = Elapsed time spent in this place.
 B = Non-inter-level travel time spent in this place.
 C = Inter-level travel time spent in this place.
 D = Time resting spent in this place.
 E = Time spent auto-exploring this place.
 F = Levels seen in this place.
 G = Mean time per level.
                   A        B        C        D        E       F      G
               +--------+--------+--------+--------+--------+-----+--------+
         Total |   4206 |   3904 |    302 |      0 |      0 |   4 | 1051.5 |
       Dungeon |   4206 |   3904 |    302 |      0 |      0 |   4 | 1051.5 |
               +--------+--------+--------+--------+--------+-----+--------+

Top non-repeatable levels by time:
     D:3: 1508 daAuts
     D:1: 1122 daAuts
     D:2: 1067 daAuts
     D:4: 507 daAuts
